 Dungeon Crawl Stone Soup version 0.25-a0-108-gda8bd6cf83 (console) character file.

Game seed: 13809728313098061007, levelgen mode: deterministic

777 Kagalorn the Caller (level 7, -5/51 HPs)
             Began as a Gnoll Summoner on Nov 18, 2019.
             Was an Initiate of Cheibriados.
             Shot with an arrow by a centaur (8 damage)
             ... on level 5 of the Dungeon.
             The game lasted 00:16:03 (5028 turns).

Kagalorn the Caller (Gnoll Summoner)                Turns: 5028, Time: 00:16:03

Health: -5/51      AC:  3    Str: 10 (12) XL:     7   Next: 84%
Magic:  11/15      EV: 15    Int: 23 (25) God:    Cheibriados [......]
Gold:   242        SH:  0    Dex: 14 (16) Spells: 9/17 levels left

rFire    . . .     SeeInvis .   B - +0 trident
rCold    . . .     Gourm    .   (no shield)
rNeg     . . .     Faith    .   g - +0 robe
rPois    .         Spirit   .   (no helmet)
rElec    .         Reflect  .   J - +0 cloak
rCorr    .         Harm     .   (no gloves)
MR       .....                  (no boots)
Stlth    +++.......             (no amulet)
HPRegen  0.17/turn              (no ring)
MPRegen  0.14/turn              (no ring)

@: brilliant, lethally poisoned (-5 -> -29), flying, very slow
A: distributed training, fangs 1, strong nose
a: Bend Time, Renounce Religion


You were on level 5 of the Dungeon.
You worshipped Cheibriados.
Cheibriados was noncommittal.
You were hungry.

You visited 1 branch of the dungeon, and saw 5 of its levels.

You collected 242 gold pieces.

Inventory:

Hand Weapons
 a - a +0 spear
 u - a +0 short sword
 v - a +1 flail of crushing
 B - a +0 trident (weapon)
 F - the +8 dagger of the Stork {flame, rC+, unknown}
   (You found it on level 4 of the Dungeon)

   It has been specially enchanted to burn those struck by it, causing extra
   injury to most foes and up to half again as much damage against particularly
   susceptible opponents.
   It protects you from cold.
Missiles
 d - 71 bolts
 e - 140 stones (quivered)
 f - 56 sling bullets
 q - 15 poisoned darts
 w - 5 atropa-tipped darts
 x - 60 arrows
 C - 4 silver boomerangs
Armour
 g - a +0 robe (worn)
 J - a +0 cloak (worn)
 K - a +0 chain mail
 N - a +0 plate armour
Jewellery
 p - an uncursed ring of protection from magic {unknown}
 y - an uncursed ring of ice {unknown}
Wands
 E - a wand of flame (11)
Scrolls
 b - a scroll of amnesia {unknown}
 h - a scroll of noise {unknown}
 j - a scroll of enchant weapon {unknown}
 k - 5 scrolls of remove curse {unknown}
 m - 2 scrolls of immolation {unknown}
 r - 3 scrolls of identify {unknown}
 H - a scroll of fog {unknown}
 I - 2 scrolls of teleportation {unknown}
 L - a scroll of fear {unknown}
Potions
 i - a potion of agility
 l - a potion of degeneration
 n - a potion of flight
 s - a potion of cancellation {unknown}
 t - a potion of ambrosia {unknown}
 z - a potion of might {unknown}
 A - a potion of berserk rage {unknown}
 D - a potion of curing {unknown}
 G - a potion of resistance {unknown}
 M - a potion of haste {unknown}
Comestibles
 c - 5 rations


   Skills:
 + Level 2.7 Fighting
 + Level 2.7 Short Blades
 + Level 2.7 Long Blades
 + Level 2.7 Axes
 + Level 2.7 Maces & Flails
 + Level 2.7 Polearms
 + Level 2.7 Staves
 + Level 2.7 Slings
 + Level 2.7 Bows
 + Level 2.7 Crossbows
 + Level 2.7 Throwing
 + Level 2.7 Armour
 + Level 5.3 Dodging
 + Level 5.0 Stealth
 + Level 2.7 Shields
 + Level 2.7 Unarmed Combat
 + Level 5.7 Spellcasting
 + Level 2.2 Conjurations
 + Level 2.2 Hexes
 + Level 2.2 Charms
 + Level 7.5 Summonings
 + Level 2.2 Necromancy
 + Level 2.2 Translocations
 + Level 2.2 Transmutations
 + Level 2.2 Fire Magic
 + Level 2.2 Ice Magic
 + Level 2.2 Air Magic
 + Level 2.2 Earth Magic
 + Level 2.2 Poison Magic
 + Level 3.0 Invocations
 + Level 2.7 Evocations


You had 9 spell levels left.
You knew the following spells:

 Your Spells              Type           Power        Failure   Level  Hunger
a - Call Canine Familiar  Summ           ######..     1%          3    #......
b - Summon Lightning Spi  Summ/Air       #####...     1%          4    ###....
c - Summon Small Mammal   Summ           ####         1%          1    None

Your spell library contained the following spells:

 Spells                   Type           Power        Failure   Level  Hunger
 Call Imp                 Summ           ######..     1%          2    None
 Summon Guardian Golem    Hex/Summ       #####...     1%          3    #......
 Summon Ice Beast         Ice/Summ       #####...     1%          4    ###....


Dungeon Overview and Level Annotations

Branches:
Dungeon (5/15)
 Temple: D:4-7

Altars:
Ashenzari
Cheibriados
Elyvilon
Hepliaklqana
Kikubaaqudgha
Okawaru
Vehumet
Zin


Innate Abilities, Weirdness & Mutations

Your experience applies equally to all skills.
You have very sharp teeth.
Your uncanny sense of smell can sniff out nearby items.


Message History

The centaur hits your hound with a +1 spear of venom.
Your hound is poisoned.
Your hound bites the centaur.
It was a potion of degeneration.
There was something very wrong with that liquid.
You feel weakened.
You feel dopey.
You feel clumsy.
You are feeling hungry.
* * * LOW HITPOINT WARNING * * *
You feel very sick.
The centaur hits your hound with a +1 spear of venom!
Your hound dies!
Your hound's corpse disappears in a puff of smoke!
The centaur unwields a +1 spear of venom.
It stops dripping with poison.
The centaur wields a +0 shortbow.
The centaur shoots an arrow.
The arrow completely misses you.
It was a potion of brilliance.
You feel clever all of a sudden.
* * * LOW HITPOINT WARNING * * *
You feel sick.
The centaur shoots an arrow.
The arrow hits you!
You die...

##.## ##.......###.##....##
#####...####.........##........#
...).......'>........c.........#
#####...####....>....##.#..<...#
#...## ##.......###.....#..#
#.### ##.....## #.##.###.# #.#
########...## #.###.#..# #.#
#.......#+## #.# ##.#.# #.#
#.#####.#@# #.####.#.# #.# #.#
#.#.# #........# #.#
#.#####.#(### ######.### #.#
#.##....c...# #.# #.#
#.##.##.....# #.#
#.###...........#########.#
#....)...####.#...........#
########## ###############


You could see a centaur.

Vanquished Creatures
  A scorpion (D:5)
  A howler monkey (D:4)
  An orc wizard (D:4)
  A centaur skeleton (D:4)
  A bullfrog skeleton (D:4)
  Natasha (twice) (D:2)
  2 hound zombies (D:5)
  A hound skeleton (D:4)
  2 gnolls (D:2)
  An adder (D:5)
  An ooze (D:3)
  A worm (D:2)
  2 leopard geckos
  4 orcs
  A ball python (D:3)
  3 giant cockroaches
  5 goblins
  2 hobgoblins
  8 jackals
  4 kobolds
  2 quokkas
  6 bats
  8 frilled lizards
  A jackal skeleton (D:5)
  5 rats
66 creatures vanquished.

Vanquished Creatures (collateral kills)
  The ghost of oberejnoburuli the Magician, an amateur GnWz of Cheibriados (D:4)
  2 ogres (D:5)
  A scorpion (D:4)
  A hound (D:5)
  An iguana (D:5)
  Natasha (D:2)
  2 worker ants (D:4)
  11 gnolls
  5 adders
  An ooze (D:5)
  A leopard gecko (D:1)
  2 orcs (D:4)
  A giant cockroach (D:3)
  2 goblins
  4 hobgoblins
  2 bats
  A frilled lizard (D:2)
  2 kobolds
  2 rats
43 creatures vanquished.

Grand Total: 109 creatures vanquished

Notes
Turn   | Place    | Note
-------+----------+-------------------------------------------
     0 | D:1      | Kagalorn the Gnoll Summoner began the quest for the Orb.
     0 | D:1      | Reached XP level 1. HP: 13/13 MP: 6/6
   470 | D:1      | Reached XP level 2. HP: 19/19 MP: 7/7
   875 | D:2      | Reached XP level 3. HP: 21/25 MP: 6/9
   887 | D:2      | Reached skill level 5 in Spellcasting
   953 | D:2      | Learned a level 3 spell: Call Canine Familiar
  1106 | D:2      | Reached skill level 1 in Invocations
  1114 | D:2      | Reached skill level 1 in Fighting
  1114 | D:2      | Reached skill level 1 in Short Blades
  1114 | D:2      | Reached skill level 1 in Long Blades
  1114 | D:2      | Reached skill level 1 in Axes
  1114 | D:2      | Reached skill level 1 in Maces & Flails
  1114 | D:2      | Reached skill level 1 in Polearms
  1114 | D:2      | Reached skill level 1 in Staves
  1114 | D:2      | Reached skill level 1 in Slings
  1114 | D:2      | Reached skill level 1 in Bows
  1114 | D:2      | Reached skill level 1 in Crossbows
  1114 | D:2      | Reached skill level 1 in Throwing
  1114 | D:2      | Reached skill level 1 in Armour
  1114 | D:2      | Reached skill level 1 in Shields
  1114 | D:2      | Reached skill level 1 in Unarmed Combat
  1114 | D:2      | Reached skill level 1 in Evocations
  1116 | D:2      | Reached XP level 4. HP: 16/32 MP: 4/11
  1301 | D:2      | Noticed Natasha
  1309 | D:2      | Killed Natasha
  1565 | D:2      | Noticed Natasha
  1576 | D:2      | Killed Natasha
  1576 | D:2      | Reached skill level 1 in Conjurations
  1576 | D:2      | Reached skill level 1 in Hexes
  1576 | D:2      | Reached skill level 1 in Charms
  1576 | D:2      | Reached skill level 1 in Necromancy
  1576 | D:2      | Reached skill level 1 in Translocations
  1576 | D:2      | Reached skill level 1 in Transmutations
  1576 | D:2      | Reached skill level 1 in Fire Magic
  1576 | D:2      | Reached skill level 1 in Ice Magic
  1576 | D:2      | Reached skill level 1 in Air Magic
  1576 | D:2      | Reached skill level 1 in Earth Magic
  1576 | D:2      | Reached skill level 1 in Poison Magic
  1682 | D:2      | Noticed Natasha
  1696 | D:2      | Killed Natasha
  1696 | D:2      | Reached XP level 5. HP: 26/37 MP: 9/12
  1754 | D:3      | Learned a level 4 spell: Summon Lightning Spire
  1798 | D:3      | HP: 1/37 [gnoll/+0 spear (6)]
  2394 | D:3      | Found an ancient bone altar of Kikubaaqudgha.
  2525 | D:3      | Found a snail-covered altar of Cheibriados.
  2758 | D:3      | Found a glowing silver altar of Zin.
  2928 | D:4      | Found a white marble altar of Elyvilon.
  2969 | D:4      | Reached XP level 6. HP: 39/44 MP: 10/13
  3338 | D:4      | Reached skill level 5 in Dodging
  3396 | D:4      | Got a brightly glowing dagger
  3468 | D:4      | Found an iron altar of Okawaru.
  3755 | D:4      | Found a runed translucent door.
  3759 | D:4      | Noticed oberejnoburuli's ghost (amateur GnWz)
  3772 | D:4      | Killed oberejnoburuli's ghost
  3772 | D:4      | Reached XP level 7. HP: 30/51 MP: 12/15
  4089 | D:3      | Became a worshipper of Cheibriados the Contemplative
  4114 | D:5      | Entered Level 5 of the Dungeon
  4296 | D:5      | Found a hazy altar of Hepliaklqana.
  4459 | D:5      | Found a shattered altar of Ashenzari.
  4497 | D:5      | Reached skill level 5 in Stealth
  4894 | D:5      | Found a radiant altar of Vehumet.
  5028 | D:5      | Shot with an arrow by a centaur

Levels and vault maps discovered:
D:1:      minmay_arrival_stair_chambers, layout_basic
D:2:      layout_basic, uniq_natasha
D:3:      layout_basic, nicolae_overflow_hidden_temple, marbit_many_paths,
          lemuel_round_altar
D:4:      layout_cave_pods, elyvilon_altar_5, kennysheep_okawaru_gauntlet,
          first_ration, ebering_ghost_reflecting_pool
D:5:      layout_loops_corners, kennysheep_little_box, old_standard_altar,
          basic_altar

Skill      XL: |  1  2  3  4  5  6  7 |
---------------+----------------------+-----
Spellcasting   | 5 |  5.7
Invocations    | 1 2 3 |  3.0
Fighting       | 1 2 |  2.7
Short Blades   | 1 2 |  2.7
Long Blades    | 1 2 |  2.7
Axes           | 1 2 |  2.7
Maces & Flails | 1 2 |  2.7
Polearms       | 1 2 |  2.7
Staves         | 1 2 |  2.7
Slings         | 1 2 |  2.7
Bows           | 1 2 |  2.7
Crossbows      | 1 2 |  2.7
Throwing       | 1 2 |  2.7
Armour         | 1 2 |  2.7
Shields        | 1 2 |  2.7
Unarmed Combat | 1 2 |  2.7
Evocations     | 1 2 |  2.7
Conjurations   | 1 2 |  2.2
Hexes          | 1 2 |  2.2
Charms         | 1 2 |  2.2
Necromancy     | 1 2 |  2.2
Translocations | 1 2 |  2.2
Transmutations | 1 2 |  2.2
Fire Magic     | 1 2 |  2.2
Ice Magic      | 1 2 |  2.2
Air Magic      | 1 2 |  2.2
Earth Magic    | 1 2 |  2.2
Poison Magic   | 1 2 |  2.2
Dodging        | 5 |  5.3
Stealth        | 5 |  5.0
Summonings     | |  7.5

Action                   |  1- 3 |  4- 6 |  7- 9 || total
-------------------------+-------+-------+-------++-------
Melee: Unarmed           |    45 |       |       ||    45
       Short sword       |    44 |    39 |       ||    83
       Bite              |     9 |    21 |     7 ||    37
       Spear             |       |   117 |       ||   117
       Punch             |       |     1 |       ||     1
       Flail             |       |    17 |       ||    17
       Trident           |       |    15 |    74 ||    89
 Cast: Summon Small Mamm |    22 |       |       ||    22
       Call Canine Famil |     3 |    15 |     7 ||    25
  Use: Potion            |       |       |     3 ||     3
 Stab: Sleeping          |     5 |     4 |     4 ||    13
  Eat: Chunk             |       |     6 |     2 ||     8
       Ration            |       |     1 |     1 ||     2
Armor: Robe              |    18 |    21 |    15 ||    54
Dodge: Dodged            |    83 |   163 |    58 ||   304

Table legend:
 A = Non-vault XP
 B = Vault XP
 C = Vault XP percentage of total XP
 D = Non-vault monster count
 E = Vault monster count
 F = Vault count percentage of total count
                 A         B        C        D         E       F
            +---------+---------+-------+---------+---------+-------
      Total |     882 |     228 |  20.5 |     104 |       5 |   4.6
            +---------+---------+-------+---------+---------+-------
        D:1 |      21 |       0 |   0.0 |      17 |       0 |   0.0
        D:2 |     125 |      33 |  20.9 |      22 |       1 |   4.3
        D:3 |     103 |       2 |   1.9 |      25 |       1 |   3.8
        D:4 |     315 |     193 |  38.0 |      22 |       3 |  12.0
        D:5 |     318 |       0 |   0.0 |      18 |       0 |   0.0
            +---------+---------+-------+---------+---------+-------
